 Dungeon Crawl Stone Soup version 0.26-a0-651-gb41185065b (webtiles) character file.

Game seed: 10545189009874491152

748 miket3c the Magician (level 7, -15/51 HPs)
             Began as a White Draconian Fire Elementalist on Oct 1, 2020.
             Was a Follower of Vehumet.
             Demolished by an ogre
             ... wielding a +0 giant spiked club
              (22 damage)
             ... on level 8 of the Dungeon.
             The game lasted 00:34:24 (6291 turns).

miket3c the Magician (DrFE)                         Turns: 6291, Time: 00:34:25

Health: -15/51     AC:  7    Str: 10    XL:     7   Next: 48%
Magic:  10/13      EV: 11    Int: 24    God:    Vehumet [*.....]
Gold:   251        SH:  0    Dex: 11    Spells: 9/15 levels left

rFire    . . .     SeeInvis .   g - +3 dagger
rCold    + . .     Faith    +   (no shield)
rNeg     . . .     Spirit   .   (armour unavailable)
rPois    .         Reflect  .   (helmet restricted)
rElec    .         Harm     .   (no cloak)
rCorr    .         Rampage  .   (no gloves)
MR       .....                  s - +0 pair of boots
Stlth    +.........             n - amulet of faith
HPRegen  0.17/turn              y - +6 ring of intelligence
MPRegen  0.13/turn              (no ring)

@: short of breath, very heavily drained
A: breathe frost, unfitting armour, cold resistance 1, cold-blooded, AC +6
a: Breathe Frost, Renounce Religion


You were on level 8 of the Dungeon.
You worshipped Vehumet.
Vehumet was aware of your devotion.
You visited 1 branch of the dungeon, and saw 6 of its levels.

You collected 251 gold pieces.

Inventory:

Hand Weapons
 e - a +0 short sword
 g - a +3 dagger (weapon)
Missiles
 c - 143 stones
 q - 44 poisoned darts (quivered)
Armour
 s - a +0 pair of boots (worn)
Jewellery
 n - an amulet of faith (around neck)
 y - a +6 ring of intelligence (left hand)
Scrolls
 a - 2 scrolls of identify
 b - 3 scrolls of blinking {unknown}
 d - 2 scrolls of fog {unknown}
 f - a scroll of amnesia {unknown}
 h - a scroll of teleportation
 i - 2 scrolls of remove curse
 j - a scroll of immolation {unknown}
 u - a scroll of enchant armour {unknown}
 x - 3 scrolls of magic mapping {unknown}
 B - a scroll of noise {unknown}
Potions
 k - a potion of haste {unknown}
 l - a potion of heal wounds
 m - a potion of brilliance {unknown}
 o - 2 potions of degeneration {unknown}
 p - a potion of berserk rage {unknown}
 r - a potion of invisibility {unknown}
 t - 2 potions of curing
 v - 2 potions of flight
 w - 2 potions of ambrosia {unknown}
 z - a potion of lignification {unknown}
 A - 2 potions of might {unknown}


   Skills:
 + Level 0.3(0.0) Fighting
 + Level 0.6(0.0) Short Blades
 + Level 1.0(0.0) Throwing
 + Level 2.6(0.0) Dodging
 + Level 3.2(0.4) Stealth
 + Level 4.6(1.7) Spellcasting
 * Level 4.4(1.5) Conjurations
 + Level 0.2(0.0) Necromancy
 + Level 3.6(0.8) Fire Magic


You had 9 spell levels left.
You knew the following spells:

 Your Spells              Type           Power        Failure   Level
a - Foxfire               Conj/Fire      #...         8%          1
b - Animate Skeleton      Necr           #.....       12%         1
c - Shock                 Conj/Air       #...         9%          1
d - Conjure Flame         Conj/Fire      #.......     22%         3

Your spell library contained the following spells:

 Spells                   Type           Power        Failure   Level
 Apportation              Tloc           #.....       12%         1
 Corona                   Hex            #......      12%         1
 Pain                     Necr           #...         12%         1
 Summon Small Mammal      Summ           #...         12%         1
 Inner Flame              Hex/Fire       #.......     30%         3
 Vampiric Draining        Necr           #.........   36%         3
 Sticky Flame             Conj/Fire      #.......     58%         4
 Animate Dead             Necr           #.........   77%         4
 Fireball                 Conj/Fire      #.........   91%         5
 Agony                    Necr           #.......     98%         5


Dungeon Overview and Level Annotations

Branches:
Dungeon (5/15)             Temple (0/1) D:5

Altars:
Cheibriados
Dithmenos
Nemelex Xobeh
Qazlal
Sif Muna
Uskayaw
Vehumet
Wu Jian
Xom
Yredelemnul

Shops:
D:4 (


Innate Abilities, Weirdness & Mutations

You can breathe waves of freezing cold.
You can buffet flying creatures when you breathe cold.
Your icy white scales are hard. (AC +6)
You cannot fit into any form of body armour.
Your flesh is cold resistant. (rC+)
You are cold-blooded and may be slowed by cold attacks.


Message History

The ogre is severely wounded.
The ogre hits you with a +0 giant spiked club!
* * * LOW HITPOINT WARNING * * *
Casting: Foxfire (safe; 8% risk of failure)
Confirm with . or Enter, or press ? or * to list all spells.
You conjure some foxfire!
The foxfire hits the ogre.
The ogre is severely wounded.
The foxfire hits the ogre.
The ogre is severely wounded.
The ogre barely misses you.
Casting: Foxfire (safe; 8% risk of failure)
Confirm with . or Enter, or press ? or * to list all spells.
You conjure some foxfire!
The ogre barely misses you.
The foxfire hits the ogre.
The ogre is severely wounded.
The foxfire hits the ogre.
The ogre is almost dead.
The ogre hits you with a +0 giant spiked club!!
You die...

. #. .#.##.#
....c..######
......O((...#
.....######(##
... #.c#########
.# #
##O##§.##..##..#
#.#@§......#..#
#.O..........#
#....>.......#
###........#.#
##........#.#
#...........#
#...........#
##........#.#
##..##..##.#


You could see an ogre.

Vanquished Creatures
  An ice beast (D:5)
  An ogre (D:4)
  Blork the orc (D:5)
  2 wights (D:8)
  A centaur skeleton (D:5)
  3 orc wizards
  2 orc priests
  2 worker ants (D:5)
  5 adders
  4 gnolls
  An ufetubus (D:4)
  An ooze (D:1)
  2 worms
  3 dart slugs
  2 leopard geckos (D:1)
  6 orcs
  2 ball pythons
  7 giant cockroaches
  8 goblins
  6 hobgoblins
  6 jackals (D:1)
  9 kobolds
  2 quokkas
  A ball python skeleton (D:4)
  8 bats
  7 frilled lizards
  A jackal zombie (D:3)
  6 rats
100 creatures vanquished.

Vanquished Creatures (others)
  316 foxfires
316 creatures vanquished.

Grand Total: 416 creatures vanquished

Notes
Turn   | Place    | Note
-------+----------+-------------------------------------------
     0 | D:1      | miket3c the Draconian Fire Elementalist began the quest for
                  | the Orb.
     0 | D:1      | Reached XP level 1. HP: 14/14 MP: 3/3
   108 | D:1      | Reached XP level 2. HP: 9/20 MP: 1/5
   881 | D:1      | Reached XP level 3. HP: 25/26 MP: 3/6
  1402 | D:2      | Found a shimmering altar of Xom.
  1762 | D:2      | Reached XP level 4. HP: 30/33 MP: 0/7
  2042 | D:2      | Found a sparkling altar of Nemelex Xobeh.
  2459 | D:3      | Found an ornate altar of the Wu Jian Council.
  2502 | D:3      | Learned a level 1 spell: Animate Skeleton
  2603 | D:3      | Found a radiant altar of Vehumet.
  2755 | D:3      | Became a worshipper of Vehumet
  2766 | D:3      | Found a basalt altar of Yredelemnul.
  2766 | D:3      | Found a snail-covered altar of Cheibriados.
  2766 | D:3      | Found a shimmering blue altar of Sif Muna.
  2767 | D:3      | Found a stormy altar of Qazlal.
  3011 | D:3      | Reached XP level 5. HP: 5/38 MP: 4/9
  3639 | D:3      | Found a faded altar of an unknown god.
  4096 | D:4      | Noticed an ogre
  4112 | D:4      | Killed an ogre
  4112 | D:4      | Reached XP level 6. HP: 21/45 MP: 6/11
  4634 | D:4      | Reached * piety under Vehumet
  4634 | D:4      | Offered knowledge of Shock by Vehumet.
  4649 | D:4      | Learned a level 1 spell: Shock
  4784 | D:4      | Found Utzung's Antique Weapon Shop.
  5002 | D:5      | Entered Level 5 of the Dungeon
  5371 | D:5      | Found a staircase to the Ecumenical Temple.
  5411 | D:5      | Found a hide-covered altar of Uskayaw.
  5415 | D:5      | Noticed a +0 dagger
  5416 | D:5      | Noticed a +0 hand axe
  5430 | D:5      | Noticed Blork the orc
  5503 | D:5      | Killed Blork the orc
  5772 | D:5      | Found a shadowy altar of Dithmenos.
  5830 | D:5      | Noticed an ice beast
  5831 | D:5      | Your scales start taking on an icy white colour.
  5831 | D:5      | Reached XP level 7. HP: 49/50 MP: 11/13
  5831 | D:5      | Gained mutation: Your flesh is cold resistant. (rC+) [White
                  | Draconian growth]
  5841 | D:5      | Reached skill level 1 in Throwing
  5972 | D:5      | You fall into a shaft and drop 3 floors!
  5977 | D:8      | Learned a level 3 spell: Conjure Flame
  6291 | D:8      | Demolished by an ogre

Illustrated notes

Levels and vault maps discovered:
D:1:      dpeg_arrival_short_road, layout_loops_ring
D:2:      cheibrodos_old_hovel, layout_loops_ring,
          nicolae_overflow_crystal_walls, lemuel_crystal_altar
D:3:      layout_loops_ring, lemuel_doored_altar, lemuel_round_altar,
          chequers_temple_overflow_statue_of_worship,
          chequers_ecumenical_altar_simple, kennysheep_generic_room_4
D:4:      layout_basic, serial_shops, shop
D:5:      layout_loops_ring, nicolae_dithmenos_the_darkroom,
          dancing_weapons_uskayaw, minmay_temple_entry_large_hall,
          uniq_blork_the_orc
D:8:      layout_rooms, special_room [special_room_orc], st_stairs_5,
          nemelex_lonely_heart_becter

Skill      XL: |  1  2  3  4  5  6  7 |
---------------+----------------------+-----
Stealth        | 2 3 |  3.2
Conjurations   | 2 3 4 |  4.4
Dodging        | 2 |  2.6
Spellcasting   | 3 4 |  4.6
Fire Magic     | 4 3 |  3.6
Throwing       | 1 |  1.0
Fighting       | |  0.3
Short Blades   | |  0.6
Necromancy     | |  0.2

Action                   |  1- 3 |  4- 6 |  7- 9 || total
-------------------------+-------+-------+-------++-------
Melee: Unarmed           |     6 |       |       ||     6
       Tailslap          |     3 |     1 |       ||     4
       Dagger            |     5 |    17 |       ||    22
Throw: Dart              |     2 |    10 |       ||    12
       Stone             |     2 |       |       ||     2
 Cast: Foxfire           |    51 |   105 |    27 ||   183
       Animate Skeleton  |       |     3 |       ||     3
       Shock             |       |     3 |       ||     3
       Conjure Flame     |       |       |     1 ||     1
 Abil: Breathe Frost     |       |       |     2 ||     2
  Use: Scroll            |       |     7 |     1 ||     8
       Potion            |       |     3 |     2 ||     5
Armor: Skin              |    24 |    33 |    13 ||    70
Dodge: Dodged            |    35 |    68 |    29 ||   132

Table legend: (Time is in decaauts)
 A = Elapsed time spent in this place.
 B = Non-inter-level travel time spent in this place.
 C = Inter-level travel time spent in this place.
 D = Time resting spent in this place.
 E = Time spent auto-exploring this place.
 F = Levels seen in this place.
 G = Mean time per level.
                   A        B        C        D        E       F      G
               +--------+--------+--------+--------+--------+-----+--------+
         Total |   6295 |   6191 |    104 |   2166 |   2045 |   6 | 1049.2 |
       Dungeon |   6295 |   6191 |    104 |   2166 |   2045 |   6 | 1049.2 |
               +--------+--------+--------+--------+--------+-----+--------+

Top non-repeatable levels by time:
     D:1: 1542 daAuts
     D:3: 1413 daAuts
     D:4: 1401 daAuts
     D:2: 860 daAuts
     D:5: 758 daAuts
     D:8: 318 daAuts
